 Dungeon Crawl Stone Soup version 0.30-a0-743-gbfdf073431 (webtiles) character file.

Game seed: 12391402160331964714

93 urg the Trooper (level 4, 0/41 HPs)
             Began as a Hill Orc Fighter on Feb 8, 2023.
             Slain by a worm (6 damage)
             ... on level 3 of the Dungeon.
             The game lasted 00:01:47 (1184 turns).

urg the Trooper (Hill Orc Fighter)                  Turns: 1184, Time: 00:01:47

Health: 0/41       AC:  7    Str: 20    XL:     4   Next: 61%
Magic:  4/4        EV:  9    Int:  8    God:
Gold:   104        SH:  4    Dex: 10    Spells: 3/3 levels left

rFire   + . .      SeeInvis .    a - +0 war axe
rCold   + . .      Faith    .    c - +0 buckler
rNeg    . . .      Spirit   .    b - +0 scale mail
rPois   .          Reflect  .    (no helmet)
rElec   .          Harm     .    g - scarf {rC+ rF+}
rCorr   .          Rampage  .    (no gloves)
Will    .....                    (no boots) Stlth
                                 (no amulet)
HPRegen 0.26/turn                (no ring)
MPRegen 0.09/turn                (no ring)

@: no status effects
A: no striking features
a: no special abilities


You were on level 3 of the Dungeon.
You visited 1 branch of the dungeon, and saw 3 of its levels.

You collected 104 gold pieces.

Inventory:

Hand Weapons
 a - a +0 war axe (weapon)
Missiles
 m - 5 javelins (quivered)
Armour
 b - a +0 scale mail (worn)
 c - a +0 buckler (worn)
 g - a scarf of resistance (worn)
Scrolls
 e - a scroll of identify {unknown}
 f - a scroll of fog {unknown}
 j - a scroll of fear {unknown}
 k - a scroll of blinking {unknown}
 l - a scroll of poison {unknown}
 n - a scroll of teleportation {unknown}
Potions
 d - a potion of might
 h - a potion of curing {unknown}
 i - a potion of invisibility


   Skills:
 + Level 4.4 Fighting
 + Level 3.8 Axes
 + Level 4.0 Armour
 + Level 4.0 Shields


You had 3 spell levels left.
You didn't know any spells.
Your spell library was empty.

Dungeon Overview and Level Annotations

Branches:
Dungeon (3/15)

Altars:
Zin

Shops:
D:1 :

Annotations:
D:2 1 runed translucent door, Crazy Yiuf, Jessica


Message History

You slash the howler monkey!
You kill the howler monkey!
Your Armour skill increases to level 4!
Your Shields skill increases to level 4!
You have reached level 4!
You are too injured to fight recklessly!
You are too injured to fight recklessly!
You are too injured to fight recklessly!
You are too injured to fight recklessly!
You are too injured to fight recklessly!
You are too injured to fight recklessly!
The endoplasm freezes you.
You are frozen.
You resist.
* * * LOW HITPOINT WARNING * * *
You see here a howler monkey corpse.
You slash the endoplasm!
You kill the endoplasm!
You see here a ball python corpse.
You start resting.
A worm comes into view.
There is a stone staircase leading up here.
You start resting.
A worm is nearby!
You are too injured to fight recklessly!
You are too injured to fight recklessly!
You are too injured to fight recklessly!
The worm bites you.
* * * LOW HITPOINT WARNING * * *
You see here a ball python corpse.
You see here a howler monkey corpse.
You barely miss the worm. The worm bites you.
* * * LOW HITPOINT WARNING * * *
You slash the worm!
The worm is severely wounded.
The worm bites you.
* * * LOW HITPOINT WARNING * * *
You barely miss the worm.
The worm is severely wounded.
The worm bites you.
You die...

## .. .# .#
.#
####.######
#@†<.......
#w##.#####.
#.# .# #.#
.# #.# .#
#?# .# #.#
.# #.# .#
#.#


You could see a worm.

Vanquished Creatures
  A howler monkey (D:3)
  An adder (D:2)
  A worm (D:2)
  2 dart slugs
  4 ball pythons
  2 bats
  3 endoplasms
  2 giant cockroaches (D:1)
  3 goblins (D:1)
  4 hobgoblins (D:1)
  3 jackals (D:1)
  A frilled lizard (D:2)
  2 kobolds (D:1)
  6 rats (D:1)
35 creatures vanquished.

Vanquished Creatures (others)
  A frilled lizard (D:1)
1 creature vanquished.

Grand Total: 36 creatures vanquished

Notes
Turn   | Place    | Note
-------+----------+-------------------------------------------
     0 | D:1      | urg the Hill Orc Fighter began the quest for the Orb.
     0 | D:1      | Reached XP level 1. HP: 19/19 MP: 1/1
    88 | D:1      | Found Peikiate's Book Shop.
   125 | D:1      | Reached XP level 2. HP: 24/27 MP: 2/2
   479 | D:1      | Reached XP level 3. HP: 33/33 MP: 3/3
  1062 | D:2      | Found a runed translucent door.
  1063 | D:2      | Noticed Crazy Yiuf
  1107 | D:2      | Found a glowing silver altar of Zin.
  1110 | D:2      | Noticed Jessica
  1162 | D:3      | Reached XP level 4. HP: 12/41 MP: 4/4
  1184 | D:3      | Slain by a worm

Illustrated notes

Levels and vault maps discovered:
D:1:      eino_arrival_cavern_d, layout_basic, serial_shops, shop,
          lemuel_flame_loot_1
D:2:      cheibrodos_greedy_goblins, layout_loops_ring, basic_altar,
          shapermc_ecumenical_altar_mp_ritualfount, minmay_strange_pillars,
          chequers_serial_rivers_micro_c, st_stairs_2, grunt_ministairs_15,
          minmay_misc_feat_rows, chequers_serial_rivers_micro_d,
          uniq_crazy_yiuf_cottage, uniq_jessica, uniq_sigmund
D:3:      minmay_diamond_boxcup, layout_loops_ring, jmf_multi_god_temple

Skill      XL: |  1  2  3 |
---------------+----------+-----
Axes           | 3 |  3.8
Fighting       | 4 |  4.4
Armour         | 4 |  4.0
Shields        | 4 |  4.0

Action                     |  1- 3 |  4- 6 || total
---------------------------+-------+-------++-------
  Melee: War axe           |   108 |     4 ||   112
         Unarmed           |    10 |       ||    10
    Use: Potion            |     1 |       ||     1
   Stab: Invisible         |     1 |       ||     1
 Armour: Scale mail        |    58 |       ||    58
         Skin              |    10 |       ||    10
  Dodge: Dodged            |    85 |       ||    85
  Block: Buckler           |    28 |       ||    28

Table legend: (Time is in decaauts)
 A = Elapsed time spent in this place.
 B = Non-inter-level travel time spent in this place.
 C = Inter-level travel time spent in this place.
 D = Time resting spent in this place.
 E = Time spent auto-exploring this place.
 F = Levels seen in this place.
 G = Mean time per level.
                   A        B        C        D        E       F      G
               +--------+--------+--------+--------+--------+-----+--------+
         Total |   1231 |   1177 |     54 |     17 |    855 |   3 |  410.3 |
       Dungeon |   1231 |   1177 |     54 |     17 |    855 |   3 |  410.3 |
               +--------+--------+--------+--------+--------+-----+--------+

Top non-repeatable levels by time:
     D:1: 1006 daAuts
     D:2: 181 daAuts
     D:3: 44 daAuts
